 Dungeon Crawl Stone Soup version 0.30-a0-802-gb92711bcdf (webtiles) character file.

Game seed: 9277712627172974285

627 Pimp the Slasher (level 7, 0/82 (93) HPs)
             Began as a Minotaur Monk on Feb 24, 2023.
             Slain by a wight
             ... wielding a +0 trident
              (4 damage)
             ... on level 4 of the Dungeon.
             The game lasted 00:07:04 (3976 turns).

Pimp the Slasher (Minotaur Monk)                    Turns: 3976, Time: 00:07:05

HP:   0/82 (93)     AC: 19    Str: 17    XL:     7   Next: 23%
MP:   6/6           EV:  6    Int:  7    God:
Gold: 261           SH:  0    Dex: 13    Spells: 6/6 levels left

rFire   . . .      SeeInvis .    a - +0 falchion
rCold   . . .      Faith    .    (no shield)
rNeg    . . .      Spirit   .    p - +0 plate armour
rPois   .          Reflect  .    k - +2 hat
rElec   .          Harm     .    (no cloak)
rCorr   .          Rampage  .    d - +2 pair of gloves
Will    .....                    (no boots) Stlth
                                 (no amulet)
HPRegen 0.33/turn                t - +4 ring of protection
MPRegen 0.10/turn                (no ring)

@: berserking, heavily drained, very quick
A: horns 2, retaliatory headbutt
a: no special abilities


You were on level 4 of the Dungeon.
You visited 1 branch of the dungeon, and saw 5 of its levels.

You collected 261 gold pieces.

Inventory:

Hand Weapons
 a - a +0 falchion (weapon)
 c - a +0 short sword of venom
Armour
 b - a +0 robe
 d - a +2 pair of gloves (worn)
 k - a +2 hat (worn)
 p - a +0 plate armour (worn)
Jewellery
 t - a +4 ring of protection (left hand)
Wands
 v - a wand of flame (27)
Scrolls
 g - a scroll of vulnerability {unknown}
 h - 4 scrolls of blinking
 i - 4 scrolls of noise
 j - 5 scrolls of teleportation
 o - 3 scrolls of fog {unknown}
 r - 2 scrolls of amnesia {unknown}
 s - 3 scrolls of identify
Potions
 e - a potion of curing {unknown}
 f - a potion of invisibility {unknown}
 l - a potion of lignification {unknown}
 m - a potion of flight
 n - 2 potions of cancellation {unknown}
 q - a potion of berserk rage
 u - a potion of heal wounds {unknown}


   Skills:
 + Level 5.9 Fighting
 + Level 5.9 Long Blades
 + Level 5.4 Dodging
 + Level 3.8 Stealth


You had 6 spell levels left.
You didn't know any spells.
Your spell library contained the following spells:

 Spells                   Type           Power      Damage    Failure   Level
 Kiss of Death            Conj/Necr      0%         2d5       100%        1
 Summon Small Mammal      Summ           0%         N/A       100%        1
 Call Canine Familiar     Summ           0%         N/A       100%        3
 Confusing Touch          Hex            0%         N/A       100%        3
 Summon Guardian Golem    Hex/Summ       0%         N/A       100%        3
 Dispel Undead            Necr           0%         3d6       100%        4


Dungeon Overview and Level Annotations

Branches:
Dungeon (5/15)
 Temple: D:4-7

Altars:
Dithmenos
Elyvilon
Yredelemnul


Innate Abilities, Weirdness & Mutations

You have a pair of horns on your head.
You reflexively headbutt those who attack you in melee.


Message History

The wight hits you from afar with a +0 trident.
You closely miss the wight.
The wight is lightly damaged.
The wight barely misses you. You furiously retaliate!
You headbutt the wight.
The wight hits you from afar with a +0 trident.
You feel drained.
You hit the wight but do no damage.
You headbutt the wight, but do no damage.
The wight is moderately damaged.
The wight hits you but does no damage. x2
You barely miss the wight.
The wight is moderately damaged.
The wight hits you but does no damage. The wight closely misses you.
You hit the wight.
The wight is moderately damaged.
The wight closely misses you. You furiously retaliate!
You headbutt the wight, but do no damage.
The wight closely misses you.
You hit the wight but do no damage.
The wight is moderately damaged.
The wight hits you with a +3 long sword!
* * * LOW HITPOINT WARNING * * *
You feel drained.
* * * LOW HITPOINT WARNING * * *
The wight hits you from afar with a +0 trident.
* * * LOW HITPOINT WARNING * * *
You feel drained.
A red film seems to cover your vision as you go berserk!
You feel yourself moving faster!
You feel mighty! The wight barely misses you.
The wight hits you from afar with a +0 trident.
* * * LOW HITPOINT WARNING * * *
You feel drained.
You hit the wight but do no damage. You headbutt the wight!
The wight is almost destroyed.
You slash the wight!
You destroy the wight!
The wight hits you from afar with a +0 trident!
* * * LOW HITPOINT WARNING * * *
You feel drained.
You die...

#####..#
#........#
##.######........#
#.##.........(..#
#.##.###........#
#....# ##########
#.#### #########.#
##......##.#
........zo@.#
.#.......z####
.###.......## #
#.# #........### #
##..#
##..####.zo##
###..# #.. ###z.#
..#)######.#
##.......
#.o.ยง)ooo...


zz..... ##..###o.... #...... You could see 2 wights and an orc.

Vanquished Creatures
  An ogre (D:4)
  A scorpion (D:4)
  3 wights (D:4)
  2 hounds
  A jelly (D:4)
  3 orc priests (D:4)
  2 iguanas (D:4)
  An orc wizard (D:4)
  5 adders
  An ufetubus (D:4)
  A worm (D:2)
  3 dart slugs
  6 orcs
  9 endoplasms
  3 hobgoblins
  11 kobolds
  8 ball pythons
  6 bats
  2 frilled lizards (D:1)
  6 goblins
  4 rats
79 creatures vanquished.

Vanquished Creatures (others)
  2 toadstools (D:1)
2 creatures vanquished.

Grand Total: 81 creatures vanquished

Notes
Turn   | Place    | Note
-------+----------+-------------------------------------------
     0 | D:1      | Pimp the Minotaur Monk began the quest for the Orb.
     0 | D:1      | Reached XP level 1. HP: 19/19 MP: 0/0
   281 | D:1      | Reached XP level 2. HP: 24/27 MP: 1/1
   512 | D:1      | Found a faded altar of an unknown god.
   942 | D:2      | Reached XP level 3. HP: 27/33 MP: 2/2
  1481 | D:2      | Reached XP level 4. HP: 24/41 MP: 3/3
  2506 | D:3      | Found a basalt altar of Yredelemnul.
  2711 | D:3      | Reached XP level 5. HP: 42/47 MP: 4/4
  2857 | D:3      | Found a white marble altar of Elyvilon.
  3097 | D:4      | Reached skill level 5 in Fighting
  3097 | D:4      | Reached skill level 5 in Long Blades
  3150 | D:4      | Reached XP level 6. HP: 41/56 MP: 5/5
  3178 | D:5      | Entered Level 5 of the Dungeon
  3524 | D:4      | Reached skill level 5 in Dodging
  3669 | D:4      | Found a shadowy altar of Dithmenos.
  3721 | D:4      | Reached XP level 7. HP: 15/62 MP: 6/6
  3976 | D:4      | HP: 4/85 [wight/+0 trident (11)]
  3976 | D:4      | Slain by a wight

Illustrated notes

Levels and vault maps discovered:
D:1:      roderic_octagonal_star, layout_loops_ring,
          nicolae_ecumenical_snake_handling, minmay_gold_behind_fungi
D:2:      layout_loops_ring, minmay_strange_pillars,
          wad_floor_pattern_untrapped, grunt_ministairs_7, minmay_between
D:3:      layout_basic, kennysheep_ying_yang, kennysheep_boxes
D:4:      layout_rooms, nicolae_dithmenos_the_darkroom
D:5:      lemuel_castle_with_subvaults [lemuel_castle_interior_carwin_1],
          layout_basic, trog_three_pillars_becter,
          dilly_guarded_unrand_devastator

Skill      XL: |  1  2  3  4  5  6 |
---------------+-------------------+-----
Fighting       | 4 5 |  5.9
Stealth        | 2 3 |  3.8
Long Blades    | 4 5 |  5.9
Dodging        | 4 5 |  5.4

Action                     |  1- 3 |  4- 6 |  7- 9 || total
---------------------------+-------+-------+-------++-------
  Melee: Falchion          |    88 |   155 |    31 ||   274
         Headbutt          |    14 |    27 |    11 ||    52
         Punch             |       |       |     1 ||     1
    Use: Scroll            |       |     6 |       ||     6
         Potion            |       |     3 |     1 ||     4
   Stab: Sleeping          |     4 |       |       ||     4
 Armour: Robe              |    21 |    16 |       ||    37
         Plate armour      |       |   103 |    22 ||   125
  Dodge: Dodged            |    57 |    45 |    14 ||   116

Table legend: (Time is in decaauts)
 A = Elapsed time spent in this place.
 B = Non-inter-level travel time spent in this place.
 C = Inter-level travel time spent in this place.
 D = Time resting spent in this place.
 E = Time spent auto-exploring this place.
 F = Levels seen in this place.
 G = Mean time per level.
                   A        B        C        D        E       F      G
               +--------+--------+--------+--------+--------+-----+--------+
         Total |   4001 |   3682 |    319 |    776 |   2183 |   5 |  800.2 |
       Dungeon |   4001 |   3682 |    319 |    776 |   2183 |   5 |  800.2 |
               +--------+--------+--------+--------+--------+-----+--------+

Top non-repeatable levels by time:
     D:2: 1227 daAuts
     D:1: 936 daAuts
     D:3: 868 daAuts
     D:4: 825 daAuts
     D:5: 143 daAuts
